AoeStats
← 拉回就是埋點-taco_clement

African Clearing

510528574Analyzed
4v4 RM · 1d ago on Oct 1, 2026· 34m 14s· 8 players
Game mode
Random Map
Map size
Large (8 player)
Population
200
Speed
Normal
Resources
Standard
Victory
Conquest
Starting age
Dark Age
Ending age
Imperial Age
RankedLock teamsTeams togetherTeam positionsShared explorationLock speedFull tech treeHidden civsTurbo modeCheats
Victory
Defeat
🇹🇼 Danes · Taiwan
1336
+7
1224
+11
1111
+15
🇹🇼 Franks · Taiwan
1006
+27
🇹🇼 Celts · Taiwan
1117
-14
🇫🇷 Spanish · France
1111
-13
🇦🇹 Varangians · Austria
1099
-13
🇪🇸 Mongols · Spain
1088
-12
Taurtillas
7:01 Loom
16:07 Feudal Age
19:59 Castle Age
29:36 Wheelbarrow
31:28 Hand Cart
火耗龜公
5:52 Loom
EL CID
6:51 Loom
13:13 Feudal Age
18:35 Castle Age
17:33 Forging
27:22 Scale Barding Armor
28:35 Bloodlines
30:39 Chain Barding Armor
32:17 Ballistics
32:54 Iron Casting
Kiwi
11:42 Loom
14:05 Feudal Age
19:03 Castle Age
17:05 Double-Bit Axe
24:24 Bow Saw
26:07 Town Watch
29:38 Scale Barding Armor
29:44 Forging
29:53 Bloodlines
29:44 Husbandry
30:49 Horse Collar
31:10 Stone Mining
31:10 Gold Mining
32:00 Iron Casting
32:08 Wheelbarrow
你失智多年的老杯
4:36 Loom
13:25 Feudal Age
17:32 Castle Age
16:00 Scale Barding Armor
15:42 Double-Bit Axe
17:31 Forging
19:04 Chain Barding Armor
19:26 Bloodlines
19:18 Husbandry
20:03 Gold Mining
29:51 Squires
29:37 Arson
29:51 Fletching
31:49 Bow Saw
拉回就是埋點-taco_clement
3:25 Loom
14:16 Feudal Age
16:16 Double-Bit Axe
19:10 Castle Age
17:23 Man-at-Arms
18:08 Scale Mail Armor
19:57 Forging
22:39 Ballistas
23:19 Horse Collar
25:37 Long Swordsman
26:35 Bow Saw
28:51 Wheelbarrow
28:24 Town Watch
31:49 Long Swordsman
32:52 Heavy Plow
darkmax
15:18 Feudal Age
15:24 Feudal Age
14:33 Loom
17:25 Wheelbarrow
19:52 Double-Bit Axe
32:19 Town Watch
探吉教~NOMO
5:33 Loom
12:42 Feudal Age
14:16 Double-Bit Axe
16:32 Castle Age
18:48 Bow Saw
23:09 Wheelbarrow
23:20 Squires
23:06 Gambesons
23:07 Arson
24:43 Horse Collar
26:39 Gold Mining
30:02 Imperial Age
28:00 Stone Mining
28:55 Heavy Plow
29:47 Scale Mail Armor
29:58 Forging
31:32 Chain Mail Armor
30:55 Onager
32:41 Conscription
33:42 Siege Onager
33:53 Elite Jomsviking
Connection lost

Rejoining the realm…

Still unreachable

The connection could not be restored.

Session expired

The server has moved on; the page needs a fresh start.